 Dungeon Crawl Stone Soup version 0.28-a0-925-gd5e1996 (webtiles) character file.

Game seed: 1952031387278937179

250 lunatic the Digger (level 6, -4/36 HPs)
             Began as an Octopode Earth Elementalist on Nov 25, 2021.
             Slain by a mummy (19 damage)
             ... in an ossuary.
             The game lasted 00:06:04 (4589 turns).

lunatic the Digger (Octopode Earth Elementalist)    Turns: 4589, Time: 00:06:07

Health: -4/36      AC:  1    Str:  9    XL:     6   Next: 13%
Magic:  0/9        EV: 13    Int: 18    God:
Gold:   20         SH:  0    Dex: 12    Spells: 6/9 levels left

rFire   . . .      SeeInvis .   (no weapon)
rCold   . . .      Faith    .   (no shield)
rNeg    + . .      Spirit   .   (helmet restricted)
rPois   .          Reflect  .   (no amulet)
rElec   .          Harm     .   k - ring of positive energy
rCorr   .          Rampage  .   (no ring)
Will    .....                   (no ring)
Stlth   +++.......              (no ring)
HPRegen 0.12/turn               (no ring)
MPRegen 0.11/turn               (no ring)
                                (no ring)
                                (no ring)

@: no status effects
A: almost no armour, amphibious, 8 rings, camouflage 1, gelatinous body 1,
(nimble swimmer 1), tentacles
a: no special abilities


You were in an ossuary.
You visited 1 branch of the dungeon, and saw 4 of its levels.
You also visited: Ossuary.

You collected 112 gold pieces.
You spent 92 gold pieces at shops.

Inventory:

Hand Weapons
 m - a +0 falchion of electrocution
Missiles
 b - 55 stones
Jewellery
 k - a ring of positive energy (left tentacle)
Scrolls
 e - a scroll of amnesia
 f - a scroll of enchant armour
 g - a scroll of vulnerability {unknown}
 i - a scroll of teleportation {unknown}
 l - 2 scrolls of enchant weapon
Potions
 a - a potion of invisibility {unknown}
 c - 2 potions of haste {unknown}
 d - 2 potions of attraction {unknown}
 h - a potion of magic {unknown}
 j - a potion of curing


   Skills:
 - Level 2.0 Dodging
 - Level 2.6 Stealth
 - Level 2.0 Spellcasting
 - Level 1.0 Transmutations
 + Level 6.7 Earth Magic


You had 6 spell levels left.
You knew the following spells:

 Your Spells              Type           Power      Damage    Failure   Level
a - Sandblast             Erth           50%        2d12      1%          1
b - Passwall              Tmut/Erth      12%        N/A       5%          2

Your spell library contained the following spells:

 Spells                   Type           Power      Damage    Failure   Level
 Stone Arrow              Conj/Erth      26%        3d8       14%         3
 Petrify                  Tmut/Erth      15%        N/A       36%         4


Dungeon Overview and Level Annotations

Branches:
Dungeon (4/15)            Ossuary (1/1)
 Temple: D:4-7

Altars:

Shops:
D:2 !   D:3 !


Innate Abilities, Weirdness & Mutations

You cannot wear most types of armour.
You are amphibious.
You can wear up to eight rings at the same time.
Your skin changes colour to match your surroundings (Stealth+).
Your rubbery body absorbs attacks. (AC +1, EV +1)
((You are camouflaged near water. (Stealth+)))
You have tentacles for arms and can constrict up to eight enemies at once.


Message History

Aiming: Sandblast (safe; 1% risk of failure)
Press: ? - help, Shift-Dir - straight line, f/p - mummy
Aim: a mummy (heavily damaged, 91% to hit)
The blast of sand hits the mummy.
The mummy is moderately damaged.
Unknown command.
Casting: Sandblast (safe; 1% risk of failure)
Confirm with . or Enter, or press ? or * to list all spells.
Aiming: Sandblast (safe; 1% risk of failure)
Press: ? - help, Shift-Dir - straight line, f/p - mummy
Aim: a mummy (heavily damaged, 91% to hit)
The blast of sand hits the mummy!
You destroy the mummy!
Unknown command.
Casting: Sandblast (safe; 1% risk of failure)
Confirm with . or Enter, or press ? or * to list all spells.
Aiming: Sandblast (safe; 1% risk of failure)
Press: ? - help, Shift-Dir - straight line, f - mummy
Aim: a mummy (moderately damaged, 91% to hit)
The blast of sand hits the mummy!
The mummy is severely damaged.
The mummy hits you!!
Ouch! That really hurt!
Casting: Sandblast (safe; 1% risk of failure)
Confirm with . or Enter, or press ? or * to list all spells.
Aiming: Sandblast (safe; 1% risk of failure)
Press: ? - help, Shift-Dir - straight line, f/p - mummy
Aim: a mummy (severely damaged, 91% to hit)
The blast of sand hits the mummy!
You destroy the mummy!
Casting: Sandblast (safe; 1% risk of failure)
Confirm with . or Enter, or press ? or * to list all spells.
Aiming: Sandblast (safe; 1% risk of failure)
Press: ? - help, Shift-Dir - straight line, f - mummy
Aim: a mummy (91% to hit)
The blast of sand hits the mummy!
The mummy is heavily damaged.
The mummy hits you!!
Ouch! That really hurt!
You die...

......#
#....#
#....#
#....#
#....#
#....#
#....#
#ZMZ.#
#.@..#
#.∩∩.#
######


You could see a mummy, a hobgoblin zombie and a kobold zombie.

Vanquished Creatures
  A scorpion (D:4)
  Jessica (D:2)
  An iguana (D:3)
  3 mummies (Ossuary)
  3 adders
  A worm (D:2)
  4 dart slugs
  3 bats
  5 endoplasms
  2 giant cockroaches
  A gnoll zombie (Ossuary)
  3 goblins
  6 hobgoblins
  5 quokkas
  6 ball pythons
  3 frilled lizards
  A hobgoblin zombie (Ossuary)
  2 kobolds
  2 kobold zombies (Ossuary)
  20 rats
73 creatures vanquished.

Notes
Turn   | Place    | Note
-------+----------+-------------------------------------------
     0 | D:1      | lunatic the Octopode Earth Elementalist began the quest for
                  | the Orb.
     0 | D:1      | Reached XP level 1. HP: 11/11 MP: 3/3
   145 | D:1      | Reached XP level 2. HP: 5/17 MP: 1/5
  1345 | D:1      | Found a faded altar of an unknown god.
  1389 | D:1      | Reached skill level 4 in Earth Magic
  1776 | D:2      | Reached XP level 3. HP: 21/21 MP: 3/6
  2100 | D:2      | Found Roces's Distillery.
  2107 | D:2      | Bought a potion of curing for 30 gold pieces
  2380 | D:2      | Noticed Jessica
  2383 | D:2      | Killed Jessica
  2384 | D:2      | Reached XP level 4. HP: 27/27 MP: 4/7
  2417 | D:2      | Learned a level 2 spell: Passwall
  2739 | D:3      | Reached skill level 5 in Earth Magic
  2947 | D:3      | Found Tipoollu's Distillery.
  2951 | D:3      | Bought a potion of degeneration for 12 gold pieces
  3255 | D:3      | Reached XP level 5. HP: 20/31 MP: 8/8
  4022 | D:2      | Bought a potion of heal wounds for 50 gold pieces
  4312 | D:4      | Reached skill level 6 in Earth Magic
  4430 | D:4      | Found a sand-covered staircase.
  4557 | Ossuary  | Entered an ossuary
  4578 | Ossuary  | Reached XP level 6. HP: 33/36 MP: 6/9
  4589 | Ossuary  | Slain by a mummy

Illustrated notes

Levels and vault maps discovered:
D:1:      dpeg_arrival_rhombus, layout_loops_ring,
          shapermc_ecumenical_altar_ellora
D:2:      layout_basic, serial_shops, nicolae_square_shop, uniq_jessica
D:3:      layout_loops_ring, serial_shops, shop, minmay_rat_hole
D:4:      layout_rooms, nicolae_ossuary_entry_monument, lemuel_old_faithful
Ossuary:  ossuary_tomb_3

Skill      XL: |  1  2  3  4  5 |
---------------+----------------+-----
Earth Magic    | 4 5 6 |  6.7
Dodging        | |  2.0
Stealth        | |  2.6
Spellcasting   | |  2.0
Transmutations | |  1.0

Action                   |  1- 3 |  4- 6 || total
-------------------------+-------+-------++-------
Melee: Unarmed           |    79 |    98 ||   177
       Constrict         |    17 |    29 ||    46
       Tentacles         |    13 |    16 ||    29
 Cast: Sandblast         |    12 |    30 ||    42
  Use: Scroll            |       |     3 ||     3
       Potion            |       |     1 ||     1
 Stab: Sleeping          |     6 |     5 ||    11
Armor: Skin              |     8 |    15 ||    23
Dodge: Dodged            |    46 |    63 ||   109

Table legend: (Time is in decaauts)
 A = Elapsed time spent in this place.
 B = Non-inter-level travel time spent in this place.
 C = Inter-level travel time spent in this place.
 D = Time resting spent in this place.
 E = Time spent auto-exploring this place.
 F = Levels seen in this place.
 G = Mean time per level.
                   A        B        C        D        E       F      G
               +--------+--------+--------+--------+--------+-----+--------+
         Total |   4588 |   4400 |    188 |    284 |   3561 |   5 |  917.6 |
       Dungeon |   4556 |   4368 |    188 |    284 |   3559 |   4 | 1139.0 |
       Ossuary |     31 |     31 |      0 |      0 |      2 |   1 |   31.0 |
               +--------+--------+--------+--------+--------+-----+--------+

Top non-repeatable levels by time:
     D:1: 1683 daAuts
     D:3: 1415 daAuts
     D:2: 1100 daAuts
     D:4: 357 daAuts
 Ossuary: 31 daAuts
